 Dungeon Crawl Stone Soup version 0.28.0-53-g5a82cb258f (webtiles) character file.

Game seed: 14168755264833213899

512 unlimited1921 the Chopper (level 7, -14/60 HPs)
             Began as a Gnoll Cinder Acolyte on May 28, 2022.
             Was a High Priest of Ignis.
             Killed from afar by Ijyb (28 damage)
             ... with a bolt of acid
             ... on level 3 of the Dungeon.
             The game lasted 00:12:53 (3455 turns).

unlimited1921 the Chopper (Gnoll Cinder Acolyte)    Turns: 3455, Time: 00:12:54

Health: -14/60     AC:  5    Str: 16    XL:     7   Next: 19%
Magic:  9/12       EV: 12    Int: 13    God:    Ignis [*****.]
Gold:   67         SH:  0    Dex:  7    Spells: 9/13 levels left

rFire   + . .      SeeInvis .   p - +2 mace (venom)
rCold   . . .      Faith    .   (no shield)
rNeg    + . .      Spirit   .   j - +1 robe {rN+}
rPois   .          Reflect  .   A - +0 helmet
rElec   .          Harm     .   (no cloak)
rCorr   .          Rampage  .   n - +0 pair of gloves
Will    .....                   (no boots)
Stlth   ++........              k - amulet of the acrobat
HPRegen 0.20/turn               d - ring of wizardry
MPRegen 0.13/turn               c - +4 ring of protection

@: corroded
A: fangs 1, strong nose, distributed training
a: Renounce Religion, Fiery Armour, Foxfire Swarm, Rising Flame


You were on level 3 of the Dungeon.
You worshipped Ignis.
Ignis was extremely pleased with you.
You visited 1 branch of the dungeon, and saw 3 of its levels.

You collected 67 gold pieces.

Inventory:

Hand Weapons
 a - a -1 hand axe of flaming
 p - a +2 mace of venom (weapon)
 w - a +0 hunting sling
Missiles
 f - 34 arrows
 g - 20 bolts
 h - 107 stones
 u - a boomerang
 v - 13 sling bullets
 B - 4 poisoned darts (quivered)
Armour
 j - a +1 robe of positive energy (worn)
 n - a +0 pair of gloves (worn)
 q - a +0 hat
 t - a +0 scale mail
 x - a +0 chain mail
 A - a +0 helmet (worn)
Jewellery
 c - a +4 ring of protection (right hand)
 d - a ring of wizardry (left hand)
 k - an amulet of the acrobat (around neck)
Wands
 s - a wand of mindburst (11)
 y - a wand of digging (7)
Scrolls
 b - a scroll of summoning {unknown}
 m - a scroll of enchant weapon {unknown}
 r - 2 scrolls of noise {unknown}
Potions
 e - 2 potions of degeneration {unknown}
 i - 2 potions of curing {unknown}
 l - a potion of berserk rage {unknown}
 o - 2 potions of might {unknown}
 z - 2 potions of magic {unknown}


   Skills:
 + Level 7.0 Fighting
 + Level 2.3 Short Blades
 + Level 2.3 Long Blades
 + Level 7.0 Axes
 + Level 2.3 Maces & Flails
 + Level 2.3 Polearms
 + Level 2.3 Staves
 + Level 2.3 Slings
 + Level 2.3 Bows
 + Level 2.3 Crossbows
 + Level 2.3 Throwing
 + Level 2.3 Armour
 + Level 2.3 Dodging
 + Level 2.3 Stealth
 + Level 2.3 Shields
 + Level 2.3 Unarmed Combat
 + Level 3.7 Spellcasting
 + Level 1.9 Conjurations
 + Level 1.9 Hexes
 + Level 1.9 Summonings
 + Level 1.9 Necromancy
 + Level 1.9 Translocations
 + Level 1.9 Transmutations
 + Level 5.8 Fire Magic
 + Level 1.9 Ice Magic
 + Level 1.9 Air Magic
 + Level 1.9 Earth Magic
 + Level 1.9 Poison Magic
 + Level 2.5 Invocations
 + Level 2.3 Evocations


You had 9 spell levels left.
You knew the following spells:

 Your Spells              Type           Power      Damage    Failure   Level
a - Scorch                Fire           34%        2d6       1%          2
b - Ensorcelled Hibernat  Hex/Ice        14%        N/A       6%          2

Your spell library contained the following spells:

 Spells                   Type           Power      Damage    Failure   Level
 Confusing Touch          Hex            7%         N/A       12%         3
 Spider Form              Tmut/Pois      7%         N/A       12%         3
 Anguish                  Hex/Necr       3%         N/A       34%         4
 Yara's Violent Unravell  Hex/Tmut       3%         3d4       69%         5
 Enfeeble                 Hex            3%         N/A       100%        7


Dungeon Overview and Level Annotations

Branches:
Dungeon (3/15)

Altars:

Annotations:
D:3 Ijyb


Innate Abilities, Weirdness & Mutations

You have very sharp teeth.
Your uncanny sense of smell can sniff out nearby items.
Your experience applies equally to all skills.


Message History

You start putting on your armour.
You continue putting on your +0 helmet. x5
You finish putting on your +0 helmet.
Found 21 stones.
Found 11 gold pieces.
You now have 67 gold pieces (gained 11).
h - 107 stones (gained 21) Ijyb the Twisted Goblin comes into view.
She is wielding a +0 club and carrying a wand of acid (5).
Ijyb shouts!
No target in view!
Throw: 5 darts (poison)
Press: ? - help, Q - select action, (/) - cycle Shift-Dir - straight line, f - Ijyb
Aim: Ijyb, wielding a +0 club, wearing a +0 ring mail and carrying a wand of acid (5) (53% to hit)
You throw a poisoned dart. The poisoned dart hits Ijyb.
Ijyb is poisoned.
Casting: Scorch (safe; 1% risk of failure)
Confirm with . or Enter, or press ? or * to list all spells.
Flames lash Ijyb.
Ijyb is lightly wounded.
Ijyb's fire resistance burns away.
Casting: Scorch (safe; 1% risk of failure)
Confirm with . or Enter, or press ? or * to list all spells.
Flames lash Ijyb but do no damage.
Ijyb hits you with a +0 club.
You hit Ijyb.
Ijyb looks even sicker.
You bite Ijyb, but do no damage.
Ijyb is moderately wounded.
Ijyb zaps a wand.
The bolt of acid hits you!! The acid corrodes you!
You closely miss Ijyb. Your bite misses Ijyb.
Ijyb is heavily wounded.
Ijyb is no longer more vulnerable to fire.
Ijyb hits you with a +0 club. Ijyb closely misses you.
You barely miss Ijyb. Your bite misses Ijyb.
Ijyb is heavily wounded.
Ijyb zaps a wand.
The bolt of acid misses you.
You hit Ijyb but do no damage.
Ijyb looks as sick as possible!
Ijyb is severely wounded.
Ijyb hits you but does no damage.
You closely miss Ijyb.
Ijyb is severely wounded.
Ijyb zaps a wand.
The bolt of acid hits you!!
* * * LOW HITPOINT WARNING * * *
Ijyb zaps a wand.
The bolt of acid hits you!!
You die...

...... ### #
.....#### #.#
#.##....##
.###.....#..#
#####.....#.(....#
#.....#.....#.#..#
##.#.....#.#...g..##
.)...#.#.....#..@..#
.#.#.....#......##.#
.....#...#.#.#.###.#
.).....###.....# #.#
##.#.#.....#..####.#
##.....#...........#
####.....#.#.#####.#
# #.#.#.....# #.# #
#.....#.#######.##


You could see Ijyb (extremely poisoned).

Vanquished Creatures
  Grinder (D:3)
  Sigmund (D:3)
  Jessica (D:3)
  Natasha (D:2)
  3 adders (D:3)
  5 worms (D:2)
  3 dart slugs
  8 orcs (D:3)
  A ball python (D:1)
  3 endoplasms
  A giant cockroach (D:2)
  4 goblins
  8 hobgoblins
  7 kobolds
  2 quokkas (D:1)
  2 bats (D:1)
  4 frilled lizards
  7 rats
62 creatures vanquished.

Notes
Turn   | Place    | Note
-------+----------+-------------------------------------------
     0 | D:1      | unlimited1921 the Gnoll Cinder Acolyte began the quest for
                  | the Orb.
     0 | D:1      | Reached XP level 1. HP: 23/23 MP: 4/4
   256 | D:1      | Reached XP level 2. HP: 27/29 MP: 5/5
   764 | D:1      | Learned a level 2 spell: Scorch
   767 | D:1      | Learned a level 2 spell: Ensorcelled Hibernation
  1003 | D:1      | Reached XP level 3. HP: 35/35 MP: 7/7
  1343 | D:2      | Reached skill level 1 in Invocations
  1773 | D:2      | Reached skill level 1 in Short Blades
  1773 | D:2      | Reached skill level 1 in Long Blades
  1773 | D:2      | Reached skill level 1 in Maces & Flails
  1773 | D:2      | Reached skill level 1 in Polearms
  1773 | D:2      | Reached skill level 1 in Staves
  1773 | D:2      | Reached skill level 1 in Slings
  1773 | D:2      | Reached skill level 1 in Bows
  1773 | D:2      | Reached skill level 1 in Crossbows
  1773 | D:2      | Reached skill level 1 in Throwing
  1773 | D:2      | Reached skill level 1 in Armour
  1773 | D:2      | Reached skill level 1 in Dodging
  1773 | D:2      | Reached skill level 1 in Stealth
  1773 | D:2      | Reached skill level 1 in Shields
  1773 | D:2      | Reached skill level 1 in Unarmed Combat
  1773 | D:2      | Reached skill level 1 in Evocations
  2111 | D:2      | Found a faded altar of an unknown god.
  2178 | D:2      | Noticed Natasha
  2184 | D:2      | Killed Natasha
  2185 | D:2      | Reached XP level 4. HP: 39/41 MP: 8/8
  2457 | D:3      | Noticed Grinder
  2470 | D:3      | Killed Grinder
  2471 | D:3      | Reached skill level 1 in Conjurations
  2471 | D:3      | Reached skill level 1 in Hexes
  2471 | D:3      | Reached skill level 1 in Summonings
  2471 | D:3      | Reached skill level 1 in Necromancy
  2471 | D:3      | Reached skill level 1 in Translocations
  2471 | D:3      | Reached skill level 1 in Transmutations
  2471 | D:3      | Reached skill level 1 in Ice Magic
  2471 | D:3      | Reached skill level 1 in Air Magic
  2471 | D:3      | Reached skill level 1 in Earth Magic
  2471 | D:3      | Reached skill level 1 in Poison Magic
  2471 | D:3      | Reached XP level 5. HP: 15/47 MP: 4/10
  2471 | D:3      | Reached XP level 6. HP: 17/53 MP: 4/11
  2932 | D:3      | Noticed Sigmund
  2939 | D:3      | Killed Sigmund
  2940 | D:3      | Reached XP level 7. HP: 59/59 MP: 3/12
  3066 | D:3      | Noticed Jessica
  3074 | D:3      | Killed Jessica
  3445 | D:3      | Noticed Ijyb
  3455 | D:3      | Killed from afar by Ijyb

Illustrated notes

Levels and vault maps discovered:
D:1:      dpeg_arrival_simpleton_c, layout_basic
D:2:      layout_loops_ring, ebering_ecumenical_altar_rust, uniq_natasha
D:3:      layout_basic, hangedman_decor_points, nrook_loot_triangle, uniq_ijyb,
          uniq_grinder, uniq_sigmund, uniq_jessica

Skill      XL: |  1  2  3  4  5  6  7 |
---------------+----------------------+-----
Invocations    | 1 2 |  2.5
Short Blades   | 1 2 |  2.3
Long Blades    | 1 2 |  2.3
Maces & Flails | 1 2 |  2.3
Polearms       | 1 2 |  2.3
Staves         | 1 2 |  2.3
Slings         | 1 2 |  2.3
Bows           | 1 2 |  2.3
Crossbows      | 1 2 |  2.3
Throwing       | 1 2 |  2.3
Armour         | 1 2 |  2.3
Dodging        | 1 2 |  2.3
Stealth        | 1 2 |  2.3
Shields        | 1 2 |  2.3
Unarmed Combat | 1 2 |  2.3
Evocations     | 1 2 |  2.3
Spellcasting   | 3 |  3.7
Conjurations   | 1 |  1.9
Hexes          | 1 |  1.9
Summonings     | 1 |  1.9
Necromancy     | 1 |  1.9
Translocations | 1 |  1.9
Transmutations | 1 |  1.9
Ice Magic      | 1 |  1.9
Air Magic      | 1 |  1.9
Earth Magic    | 1 |  1.9
Poison Magic   | 1 |  1.9
Fighting       | 7 |  7.0
Axes           | 7 |  7.0
Fire Magic     | |  5.8

Action                   |  1- 3 |  4- 6 |  7- 9 || total
-------------------------+-------+-------+-------++-------
Melee: Hand axe          |   119 |       |       ||   119
       Bite              |    17 |     2 |     1 ||    20
       Punch             |     3 |     1 |       ||     4
       Mace              |       |    27 |    25 ||    52
Throw: Dart              |       |       |     1 ||     1
 Cast: Scorch            |     2 |    11 |     6 ||    19
 Stab: Sleeping          |       |       |     1 ||     1
Armor: Robe              |     8 |     4 |     7 ||    19
       Leather armour    |    26 |       |       ||    26
Dodge: Dodged            |    49 |    18 |    15 ||    82
